 Dungeon Crawl Stone Soup version 0.31-a0-1002-g8e65716e6e (webtiles) character file.

Game seed: 638620868472763465

7 Jannitor the Sneak (level 2, 0/28 HPs)
             Began as a Naga Delver on Nov 9, 2023.
             Killed from afar by an orc wizard (4 damage)
             ... with a magic dart
             ... on level 5 of the Dungeon.
             The game lasted 00:02:41 (287 turns).

Jannitor the Sneak (Naga Delver)                     Turns: 287, Time: 00:02:41

Health: 0/28       AC:  2    Str: 14    XL:     2   Next: 0%
Magic:  2/2        EV:  9    Int: 10    God:
Gold:   19         SH:  0    Dex: 12    Spells: 1/1 levels left

rFire   . . .        a - +0 mace
rCold   . . .        (no shield)
rNeg    . . .        b - +0 leather armour
rPois   +            (no helmet)
rElec   .            (no cloak)
rCorr   .            (no gloves)
SInv    +            (no barding)
Will    .....        (no amulet)
Stlth   +            (no ring)
HPRegen 0.24/turn    (no ring)
MPRegen 0.08/turn

%: no passive effects
@: confused, very slow
A: AC +0, large, see invisible, deformed body, poison resistance, slowness 2,
spit poison 1, naga tail 1
a: Spit Poison


You were on level 5 of the Dungeon.
You visited 1 branch of the dungeon, and saw 2 of its levels.

You collected 19 gold pieces.

Inventory:

Hand Weapons
 a - a +0 mace (weapon)
Armour
 b - a +0 leather armour (worn)
Wands
 g - a wand of digging (3)
Scrolls
 d - a scroll of revelation


   Skills:
 + Level 3.1 Fighting
 + Level 2.1 Maces & Flails
 + Level 1.7 Dodging
 + Level 7.4 Stealth


You had one spell level left.
You didn't know any spells.
Your spell library was empty.

Dungeon Overview and Level Annotations

Branches:
Dungeon (6/15)
 Temple: D:4-7

Altars:

Shops:
D:5 (*

Annotations:
D:5 exclusion: ogre
D:6 Menkaure


Innate Abilities, Weirdness & Mutations

Your serpentine skin is tough. (AC +0)
You have supernaturally acute eyesight. (SInv)
Armour fits poorly on your strangely shaped body.
Your system is resistant to poisons. (rPois)
You cover ground very slowly.
You can spit poison.
You have a snake-like lower body.


Message History

The orc wizard hits you with a +0 dagger.
You thump the orc wizard!
The orc wizard is almost dead.
You aren't carrying any potions.
As you read the scroll of fog, it dissolves into smoke.
The orc wizard closely misses you.
You hit the orc wizard.
The orc wizard is moderately wounded.
You have got your breath back.
The orc wizard casts a spell at you. The puff of flame hits you!
* * * LOW HITPOINT WARNING * * *
You closely miss the orc wizard.
The orc wizard is moderately wounded.
The orc wizard points at you and mumbles some strange words.
You resist with significant effort.
You hit the orc wizard.
The orc wizard is heavily wounded.
The orc wizard hits you with a +0 dagger.
* * * LOW HITPOINT WARNING * * *
The orc wizard hits you with a +0 dagger.
* * * LOW HITPOINT WARNING * * *
Unknown command.
You completely miss the orc wizard.
The orc wizard is heavily wounded.
The orc wizard hits you but does no damage.
Aiming: Spit Poison (2% risk of failure)
Press: ? - help, Shift-Dir - straight line, f/p - orc wizard
Aim: an orc wizard, wielding a +0 dagger and wearing a +0 robe (grey smoke, almost dead, slightly transparent, 50% to hit)
The splash of poison hits the orc wizard.
The orc wizard is poisoned.
The orc wizard is heavily wounded.
The orc wizard gestures at you while chanting.
You are confused.
Unknown command.
You bump into the stone wall.
You have got your breath back.
The orc wizard points at you and mumbles some strange words.
The magic dart hits you.
You die...

......o.......#
#..####o##.$..#
#+##.o..# #.?...#
#∩.o..# #.....#
###...#
##########...##..
#..§§@oo§.........
########§.........
§..........
+.#..##...# +.#..#
...# #....'. ...
.....#.. ..
.....#..


You could see 2 orc wizards.

Vanquished Creatures
  A white imp (D:5)
1 creature vanquished.

Notes
Turn   | Place    | Note
-------+----------+-------------------------------------------
     0 | D:5      | Jannitor the Naga Delver began the quest for the Orb.
     0 | D:5      | Reached XP level 1. HP: 21/21 MP: 1/1
     4 | D:5      | Noticed an orc priest
    18 | D:6      | Noticed Menkaure
    39 | D:5      | Reached XP level 2. HP: 13/28 MP: 2/2
   146 | D:5      | Found Hepabip's General Store.
   175 | D:5      | Noticed an ogre
   260 | D:5      | Noticed an ogre
   263 | D:5      | Found Miozaz's Antique Weapon Shop.
   264 | D:5      | Noticed a scorpion
   287 | D:5      | Killed from afar by an orc wizard

Illustrated notes

Levels and vault maps discovered:
D:5:      layout_gridville, serial_shops, shop, nicolae_shop_advertising_works
          [nicolae_subvault_shop_adworks], nicolae_shop_peninsula,
          nicolae_stop_n_shop_2, minmay_misc_feat_more_columns,
          kennysheep_cross_bottleneck
D:6:      layout_basic, minmay_temple_entry_slanted,
          chequers_serial_rivers_marsh, minmay_mini_ossuary, uniq_menkaure,
          uniq_duvessa

Action                     || total
---------------------------++-------
  Melee: Mace              ||    16
Ability: Spit Poison       ||     2
    Use: Potion            ||     1
         Scroll            ||     3
 Armour: Leather armour    ||    26
  Dodge: Dodged            ||    17

Table legend: (Time is in decaauts)
 A = Elapsed time spent in this place.
 B = Non-inter-level travel time spent in this place.
 C = Inter-level travel time spent in this place.
 D = Time resting spent in this place.
 E = Time spent auto-exploring this place.
 F = Levels seen in this place.
 G = Mean time per level.
                   A        B        C        D        E       F      G
               +--------+--------+--------+--------+--------+-----+--------+
         Total |    326 |    326 |      0 |    118 |     49 |   2 |  163.0 |
       Dungeon |    326 |    326 |      0 |    118 |     49 |   2 |  163.0 |
               +--------+--------+--------+--------+--------+-----+--------+

Top non-repeatable levels by time:
     D:5: 309 daAuts
     D:6: 17 daAuts
